 Dungeon Crawl Stone Soup version 0.23.2-33-g5129a83184 (webtiles) character file.

Game seed: 12092935098288413985

204 psyvane the Vexing (level 5, -2/53 HPs)
             Began as an Ogre Arcane Marksman on July 14, 2019.
             Slain by Grinder (8 damage)
             ... on level 4 of the Dungeon.
             The game lasted 00:15:20 (4971 turns).

psyvane the Vexing (Ogre Arcane Marksman)           Turns: 4971, Time: 00:15:21

Health: -2/53      AC:  3    Str: 15    XL:     5   Next: 82%
Magic:  6/6        EV: 10    Int: 19    God:
Gold:   128        SH:  0    Dex:  9    Spells: 0/6 levels left

rFire    . . .     SeeInvis .   s - +0 war axe
rCold    . . .     Gourm    .   (no shield)
rNeg     . . .     Faith    .   a - +0 robe
rPois    .         Spirit   .   (helmet restricted)
rElec    .         Reflect  .   (no cloak)
rCorr    .         Harm     .   (gloves unavailable)
MR       .....                  (boots unavailable)
Stlth    +.........             (no amulet)
HPRegen  0.17/turn              (no ring)
MPRegen  0.10/turn              (no ring)

@: brilliant, very slightly contaminated
A: large, unfitting armour, tough skin 1
a: no special abilities


You were on level 4 of the Dungeon.
You were very hungry.

You visited 1 branch of the dungeon, and saw 4 of its levels.

You collected 128 gold pieces.

Inventory:

Hand Weapons
 s - a +0 war axe (weapon)
Missiles
 d - 2 throwing nets
 n - 2 large rocks (quivered)
Armour
 a - a +0 robe (worn)
Jewellery
 h - an uncursed ring of resist corrosion {unknown}
Scrolls
 b - 2 scrolls of blinking {unknown}
 c - 2 scrolls of remove curse {unknown}
 i - 3 scrolls of teleportation
 j - a scroll of enchant weapon
 k - a scroll of random uselessness {unknown}
 p - 2 scrolls of identify {unknown}
 q - 2 scrolls of amnesia {unknown}
Potions
 l - a potion of lignification {unknown}
 m - a potion of haste {unknown}
 o - a potion of berserk rage {unknown}
 r - a potion of curing
Comestibles
 f - 7 rations


   Skills:
 - Level 3.1 Fighting
 - Level 3.6 Axes
 - Level 2.0 Throwing
 - Level 1.7 Dodging
 - Level 1.2 Spellcasting
 * Level 4.0 Hexes


You couldn't memorise any spells.
You knew the following spells:

 Your Spells              Type           Power        Failure   Level  Hunger
a - Corona                Hex            ####...      1%          1    ##.....
b - Slow                  Hex            ####....     1%          2    ###....
c - Portal Projectile     Hex/Tloc       ###...       3%          3    ####...

Your spell library contained the following spells:

 Spells                   Type           Power        Failure   Level  Hunger
 Inner Flame              Hex/Fire       ###.....     3%          3    ####...
 Cause Fear               Hex            ####......   4%          4    #####..
 Leda's Liquefaction      Hex/Erth       ###.......   10%         4    #####..


Dungeon Overview and Level Annotations

Branches:
Dungeon (4/15)
 Temple: D:4-7

Altars:

Annotations:
D:2 1 runed translucent door, Crazy Yiuf
D:4 Grinder


Innate Abilities, Weirdness & Mutations

You are too large for most types of armour.
You have tough skin. (AC +1)


Message History

Grinder is heavily wounded.
Grinder hits you!
You writhe in agony.
You slash Grinder!
Grinder is severely wounded.
Grinder hits you!
You writhe in agony.
* * * LOW HITPOINT WARNING * * *
It was a potion of brilliance.
You feel clever all of a sudden.
Grinder stops glowing.
Casting: Corona (safe; 1% risk of failure)
Confirm with . or Enter, or press ? or * to list all spells.
Aiming: Corona (safe; 1% risk of failure)
Press: ? - help, Shift-Dir - straight line, f/p - Grinder
Aim: Grinder (severely wounded, slow, chance to defeat MR: 67%) Grinder struggles to resist.
Grinder hits you!
* * * LOW HITPOINT WARNING * * *
You writhe in agony.
* * * LOW HITPOINT WARNING * * *
It was a potion of magic.
Magic courses through your body. Grinder hits you!
You die...

#...... ......#
....... .......#
#.....##......#
#......#......#
#<.......# ##.......#
#.......# #.......#
#...@5..# #.<.....#
#.......#
#######.......#
#######.......#######
...w....#######
#########


You could see Grinder.

Vanquished Creatures
  A scorpion (D:3)
  5 adders
  An ooze (D:2)
  3 worms (D:2)
  4 dart slugs
  4 leopard geckos
  4 orcs
  2 ball pythons (D:3)
  6 bats
  4 giant cockroaches
  8 goblins
  6 hobgoblins
  9 jackals (D:1)
  11 kobolds
  A quokka (D:3)
  6 frilled lizards
  9 rats
84 creatures vanquished.

Notes
Turn   | Place    | Note
-------+----------+-------------------------------------------
     0 | D:1      | psyvane the Ogre Arcane Marksman began the quest for the
                  | Orb.
     0 | D:1      | Reached XP level 1. HP: 19/19 MP: 2/2
   175 | D:1      | Reached XP level 2. HP: 19/29 MP: 0/3
   321 | D:1      | Learned a level 2 spell: Slow
   909 | D:1      | Reached skill level 3 in Hexes
  1125 | D:1      | Reached XP level 3. HP: 37/37 MP: 1/4
  2660 | D:2      | Reached skill level 1 in Axes
  2660 | D:2      | Reached XP level 4. HP: 35/45 MP: 3/5
  3175 | D:2      | Found a runed translucent door.
  3176 | D:2      | Noticed Crazy Yiuf
  3447 | D:3      | Reached XP level 5. HP: 12/53 MP: 1/6
  3470 | D:3      | HP: 2/53 [poisoned by a scorpion]
  3478 | D:3      | HP: 2/53 [poisoned by a scorpion]
  3839 | D:3      | Learned a level 3 spell: Portal Projectile
  4677 | D:4      | Noticed Grinder
  4679 | D:4      | Paralysed by Grinder for 5 turns
  4686 | D:4      | Reached skill level 4 in Hexes
  4952 | D:4      | Paralysed by Grinder for 2 turns
  4971 | D:4      | Slain by Grinder

Skill      XL: |  1  2  3  4  5 |
---------------+----------------+-----
Fighting       | 2 3 |  3.1
Hexes          | 3 4 |  4.0
Axes           | 1 3 |  3.6
Throwing       | |  2.0
Dodging        | |  1.7
Spellcasting   | |  1.2

Action                   |  1- 3 |  4- 6 || total
-------------------------+-------+-------++-------
Melee: Unarmed           |   256 |       ||   256
       Hand axe          |     9 |   106 ||   115
       War axe           |       |    37 ||    37
Throw: Large rock        |    13 |     4 ||    17
 Cast: Corona            |    53 |    57 ||   110
       Slow              |     6 |     9 ||    15
  Use: Scroll            |     2 |     1 ||     3
       Potion            |       |     3 ||     3
  Eat: Chunk             |     8 |     9 ||    17
Armor: Robe              |    91 |    34 ||   125
Dodge: Dodged            |   153 |    84 ||   237
